 Dungeon Crawl Stone Soup version 0.26-a0-660-gc07710193c (webtiles) character file.

Game seed: 1081414819260167824

39 tom967 the Conjurer (level 3, -2/26 HPs)
             Began as a Draconian Conjurer on Oct 8, 2020.
             Was an Initiate of Okawaru.
             Slain by a worm (11 damage)
             ... on level 2 of the Dungeon.
             The game lasted 00:10:15 (1342 turns).

tom967 the Conjurer (Draconian Conjurer)            Turns: 1342, Time: 00:10:15

Health: -2/26      AC:  5    Str:  9    XL:     3   Next: 26%
Magic:  6/6        EV: 12    Int: 19    God:    Okawaru [......]
Gold:   112        SH:  0    Dex:  9    Spells: 5/6 levels left

rFire    . . .     SeeInvis .   k - +0 short sword
rCold    . . .     Faith    .   (no shield)
rNeg     . . .     Spirit   .   (armour unavailable)
rPois    .         Reflect  .   (helmet restricted)
rElec    .         Harm     .   (no cloak)
rCorr    .         Rampage  .   (no gloves)
MR       .....                  (no boots)
Stlth    ++........             f - amulet of magic regeneration
HPRegen  0.08/turn              (no ring)
MPRegen  0.35/turn              (no ring)

@: no status effects
A: unfitting armour, cold-blooded, AC +5
a: Renounce Religion


You were on level 2 of the Dungeon.
You worshipped Okawaru.
Okawaru was noncommittal.
You visited 1 branch of the dungeon, and saw 2 of its levels.

You collected 112 gold pieces.

Inventory:

Hand Weapons
 d - a +0 whip
 e - a +0 dagger
 k - a +0 short sword (weapon)
Missiles
 a - 108 stones (quivered)
 c - 19 bolts
 h - 16 sling bullets
 j - 28 arrows
Jewellery
 f - an amulet of magic regeneration (around neck)
Scrolls
 b - a scroll of teleportation {unknown}
 i - a scroll of remove curse {unknown}
 l - a scroll of noise {unknown}
Potions
 g - 2 potions of curing {unknown}
 m - a potion of lignification {unknown}
 n - a potion of mutation {unknown}


   Skills:
 * Level 0.2 Fighting
 + Level 0.5 Maces & Flails
 + Level 1.9 Dodging
 - Level 1.7 Stealth
 - Level 0.4 Unarmed Combat
 * Level 2.1 Spellcasting
 * Level 4.8 Conjurations


You had 5 spell levels left.
You knew the following spells:

 Your Spells              Type           Power        Failure   Level
a - Magic Dart            Conj           ###.         2%          1

Your spell library contained the following spells:

 Spells                   Type           Power        Failure   Level
 Searing Ray              Conj           ###...       3%          2
 Dazzling Flash           Conj/Hex       ##....       19%         3
 Fulminant Prism          Conj/Hex       ##........   52%         4
 Iskenderun's Mystic Bla  Conj/Tloc      ##......     52%         4


Dungeon Overview and Level Annotations

Branches:
Dungeon (2/15)

Altars:
Okawaru


Innate Abilities, Weirdness & Mutations

Your plain brown scales are hard. (AC +5)
You cannot fit into any form of body armour.
You are cold-blooded and may be slowed by cold attacks.


Message History

Aiming: Magic Dart (safe; 2% risk of failure)
Press: ? - help, Shift-Dir - straight line, f - worm
Aim: a worm The magic dart hits the worm!
The worm is heavily wounded.
You hit the worm.
The worm is heavily wounded.
The worm barely misses you.
You hit the worm.
The worm is heavily wounded.
You hit the worm.
The worm is severely wounded.
The worm bites you.
You barely miss the worm. You tail-slap the worm.
The worm is severely wounded.
The worm bites you!
You hit the worm.
The worm is almost dead.
The worm bites you!
You die...

.. ##+## #..# #.#
#.####....###..###.#
#....#......†....#.#
.....#......##.#.#.#
#...##+##..#..#.#.###
#.†......#.##.....##
#........#.##.......
#...................
#.w@...###.##.......
...........#
#........##
##.#########
#..#####.# # #...
#.## ## #.## #.##
..## #### ###


You could see a worm.

Vanquished Creatures
  A worm (D:2)
  2 dart slugs (D:1)
  A leopard gecko (D:1)
  2 giant cockroaches (D:2)
  6 goblins (D:1)
  3 hobgoblins (D:1)
  A ball python (D:1)
  2 bats
  A frilled lizard (D:2)
  6 kobolds
  5 rats
30 creatures vanquished.

Notes
Turn   | Place    | Note
-------+----------+-------------------------------------------
     0 | D:1      | tom967 the Draconian Conjurer began the quest for the Orb.
     0 | D:1      | Reached XP level 1. HP: 14/14 MP: 3/3
   254 | D:1      | Reached XP level 2. HP: 20/20 MP: 1/5
  1089 | D:1      | You fall into a shaft and drop 1 floor!
  1090 | D:2      | Reached XP level 3. HP: 26/26 MP: 4/6
  1098 | D:2      | Found an iron altar of Okawaru.
  1113 | D:2      | Became a worshipper of Warmaster Okawaru
  1342 | D:2      | Slain by a worm

Illustrated notes

Levels and vault maps discovered:
D:1:      sevenhm_arrival_forest_fort_small_5, layout_basic
D:2:      layout_loops_cross, evilmike_ruin_ashenzari, okawaru_metal_pillars_3

Action                   || total
-------------------------++-------
Melee: Unarmed           ||    17
       Whip              ||    12
       Tailslap          ||     5
       Short sword       ||    18
 Cast: Magic Dart        ||    37
Armor: Skin              ||     9
Dodge: Dodged            ||    28

Table legend: (Time is in decaauts)
 A = Elapsed time spent in this place.
 B = Non-inter-level travel time spent in this place.
 C = Inter-level travel time spent in this place.
 D = Time resting spent in this place.
 E = Time spent auto-exploring this place.
 F = Levels seen in this place.
 G = Mean time per level.
                   A        B        C        D        E       F      G
               +--------+--------+--------+--------+--------+-----+--------+
         Total |   1344 |   1185 |    159 |    468 |    539 |   2 |  672.0 |
       Dungeon |   1344 |   1185 |    159 |    468 |    539 |   2 |  672.0 |
               +--------+--------+--------+--------+--------+-----+--------+

Top non-repeatable levels by time:
     D:1: 1090 daAuts
     D:2: 254 daAuts
